AoeStats
← Barón de la Cerveza

Arabia

507166627Analyzed
1v1 RM · 16d ago on Sep 16, 2026· 48m 30s· 2 players
Game mode
Random Map
Map size
Tiny (2 player)
Population
200
Speed
Normal
Resources
Standard
Victory
Conquest
Starting age
Dark Age
Ending age
Imperial Age
RankedLock teamsTeams togetherTeam positionsShared explorationLock speedFull tech treeHidden civsTurbo modeCheats
Victory
Defeat
🇲🇦 Khitans · Morocco
1865
+15
🇲🇽 Turks · Mexico
1845
-15
Barón de la Cerveza
6:16 Loom
9:05 Feudal Age
9:50 Double-Bit Axe
10:13 Horse Collar
21:51 Castle Age
20:48 Gold Mining
22:33 Bloodlines
21:57 Crossbowman
22:34 Fletching
24:15 Bow Saw
24:20 Bodkin Arrow
25:00 Ballistics
27:24 Padded Archer Armor
31:39 Scale Barding Armor
32:10 Heavy Plow
34:16 Chain Barding Armor
34:07 Forging
39:45 Imperial Age
38:24 Gold Shaft Mining
37:39 Stone Mining
39:49 Iron Casting
39:43 Sipahi
40:45 Wheelbarrow
40:54 Thumb Ring
44:54 Bracer
44:44 Heavy Cavalry Archer
46:54 Parthian Tactics
Desert_Prince
6:26 Loom
8:45 Feudal Age
9:34 Double-Bit Axe
10:57 Domestication
20:25 Castle Age
20:35 Fletching
20:27 Crossbowman
21:12 Bodkin Arrow
22:00 Wheelbarrow
21:36 Bow Saw
22:43 Ballistics
22:33 Padded Archer Armor
23:22 Husbandry
24:01 Gold Mining
27:09 Thumb Ring
28:21 Town Watch
29:48 Pastoralism
30:20 Stone Mining
32:01 Hand Cart
38:23 Imperial Age
36:22 Heavy Cavalry Archer
37:35 Forging
37:31 Scale Barding Armor
38:00 Light Cavalry
39:32 Parthian Tactics
40:11 Chemistry
41:54 Capped Ram
43:37 Chain Barding Armor
46:08 Plate Barding Armor
46:33 Conscription
47:05 Bracer
47:41 Hussar
49:00 Transhumance
49:14 Leather Archer Armor
Connection lost

Rejoining the realm…

Still unreachable

The connection could not be restored.

Session expired

The server has moved on; the page needs a fresh start.